Description

Agressive start vs protoss, no gaz in the beginning

Replay - Exited v ZPR - New Repugnancy LE

Build Order

Get SALT Encoding   

  12  0:17  Spawning Pool  
  11  0:22  Drone x2  
  13  0:31  Drone  
  14  0:40  Overlord  
  14  1:03  Queen  
  16  1:04  Zergling x6  
  19  1:16  Zergling x2  
  20  1:31  Hatchery  
  19  1:38  Overlord  
Spawning Tool Build Advisor. Get it on Overwolf

Go to:

Details

  • Created by: xenlee
  • Published on: Dec 18, 2019
  • Modified on: Dec 18, 2019
  • Patch: 4.11.0
Show
View Real Time Build Order
Export as new Build Order

Comments (0)

There are no comments. Be the first!

Create an account to comment!